 Dungeon Crawl Stone Soup version 0.29-a0-542-g075992c915 (webtiles) character file.

Game seed: 15672547244012305675

13727 spaghetti the Grand Scion (level 12, -25/103 (108) HPs)
             Began as an Ogre Necromancer on June 3, 2022.
             Was a High Priest of Hepliaklqana.
             Killed from afar by a deep elf pyromancer (32 damage)
             ... with a bolt of fire
             ... on level 12 of the Dungeon.
             The game lasted 00:21:51 (15174 turns).

spaghetti the Grand Scion (Ogre Necromancer)       Turns: 15174, Time: 00:21:51

HP:   -25/103 (108) AC:  4    Str: 21    XL:     12   Next: 9%
MP:   20/23         EV: 12    Int: 22    God:    Hepliaklqana [*****.]
Gold: 579           SH:  0    Dex: 15    Spells: 10/26 levels left

rFire   . . .      SeeInvis .   l - +2 spear (pain) {polearm}
rCold   . . .      Faith    +   (no shield)
rNeg    + . .      Spirit   .   A - +0 robe {rN+}
rPois   +          Reflect  .   (helmet restricted)
rElec   .          Harm     .   K - +0 cloak
rCorr   .          Rampage  .   (gloves unavailable)
Will    ++...                   (boots unavailable)
Stlth   +.........              m - amulet of faith {!P}
HPRegen 0.27/turn               c - ring "Lutwocoy" {rPois Will+ Int+2 Dex+6}
MPRegen 0.18/turn               G - +6 ring of strength

@: on fire, glowing, lightly drained
A: reduced essence, large, unfitting armour, tough skin 1, passive freeze,
MP-powered wands
a: Renounce Religion, Recall Ancestor, Ancestor Identity, Transference, Idealise


You were on level 12 of the Dungeon.
You worshipped Hepliaklqana.
Hepliaklqana was extremely pleased with you.
You visited 1 branch of the dungeon, and saw 12 of its levels.

You collected 657 gold pieces.
You spent 78 gold pieces at shops.


Innate Abilities, Weirdness & Mutations

Your life essence is reduced to manifest your ancestor. (-10% HP)
You are too large for most types of armour.
You have tough skin. (AC +1)
A frigid envelope surrounds you and freezes all who hurt you.
You expend magic power (3 MP) to strengthen your wands.


   Skills:
 + Level 8.2 Fighting
 + Level 5.6 Long Blades
 - Level 8.0 Throwing
 + Level 5.6 Dodging
 - Level 1.4 Stealth
 + Level 7.5 Spellcasting
 + Level 7.0 Necromancy
 * Level 10.1 Invocations
 + Level 3.6 Evocations


You had 10 spell levels left.
You knew the following spells:

 Your Spells              Type           Power      Damage    Failure   Level
a - Necrotize             Necr           100%       1d9       1%          1
b - Inner Flame           Hex/Fire       8%         N/A       24%         3
c - Vampiric Draining     Necr           39%        2d8       1%          3
d - Animate Dead          Necr           39%        N/A       4%          4
e - Agony                 Necr           39%        N/A       12%         5

Your spell library contained the following spells:

 Spells                   Type           Power      Damage    Failure   Level
 Apportation              Tloc           16%        N/A       8%          1
 Foxfire                  Conj/Fire      32%        2x1d5     8%          1
 Shock                    Conj/Air       32%        1d5       8%          1
 Blink                    Tloc           16%        N/A       12%         2
 Ensorcelled Hibernation  Hex/Ice        16%        N/A       12%         2
 Passwall                 Tmut/Erth      6%         N/A       12%         2
 Conjure Flame            Conj/Fire      8%         6-21      24%         3
 Lesser Beckoning         Tloc           8%         N/A       24%         3
 Swiftness                Air            8%         N/A       24%         3
 Airstrike                Air            4%         N/A       61%         4
 Flame Wave               Conj/Fire      8%         2d5       61%         4
 Alistair's Intoxication  Tmut/Pois      5%         N/A       91%         5
 Manifold Assault         Tloc           8%         N/A       91%         5

Inventory:

Hand Weapons
 l - a +2 spear of pain (weapon) {polearm}
   (You took it off a gnoll sergeant on level 9 of the Dungeon)
 r - a +0 giant spiked club of flaming {mace}
   (You took it off an ogre on level 4 of the Dungeon)
 u - a +2 short sword of speed {short}
   (You found it on level 2 of the Dungeon)
 J - the +4 mace "Gyeczepp" {vorpal, Str+2, mace}
   (You found it on level 7 of the Dungeon)

   It inflicts extra damage upon your enemies.
   Str:       It affects your strength (+2).
 L - a +4 quarterstaff of chaos {staff}
   (You took it off Crazy Yiuf on level 7 of the Dungeon)
Missiles
 d - 358 stones (quivered) {throwing}
 k - a large rock {=fthrowing}
 v - 11 poisoned darts {throwing}
 w - 2 throwing nets {=f!fthrowing}
 x - 5 boomerangs {throwing}
 B - 3 silver boomerangs {throwing}
Armour
 a - a +0 robe
 e - a +0 kite shield
   (You found it on level 9 of the Dungeon)
 A - a +0 robe of positive energy (worn)
   (You found it on level 3 of the Dungeon)
 K - a +0 cloak (worn)
   (You took it off Crazy Yiuf on level 7 of the Dungeon)
Magical Staves
 O - a staff of earth {!astaff}
   (You took it off Jorgrun on level 12 of the Dungeon)
Jewellery
 c - the ring "Lutwocoy" (left hand) {rPois Will+ Int+2 Dex+6}
   (You found it on level 4 of the Dungeon)

   [ring of dexterity]

   Int:       It affects your intelligence (+2).
   Dex:       It affects your dexterity (+6).
   rPois:     It protects you from poison.
   Will:      It increases your willpower.
 m - an amulet of faith (around neck) {!P}
   (You found it on level 4 of the Dungeon)
 t - a ring of flight
   (You found it on level 5 of the Dungeon)
 C - an amulet of magic regeneration {@e2}
   (You found it on level 6 of the Dungeon)
 G - a +6 ring of strength (right hand)
   (You found it on level 7 of the Dungeon)
Wands
 h - a wand of flame (15)
   (You found it on level 5 of the Dungeon)
 E - a wand of paralysis (17)
   (You found it on level 6 of the Dungeon)
 F - a wand of acid (11)
   (You found it on level 6 of the Dungeon)
Scrolls
 i - 3 scrolls of magic mapping {!r}
 o - a scroll of identify {@r1}
 y - 2 scrolls of enchant armour
 D - 5 scrolls of poison
 I - 3 scrolls of vulnerability {!r!r}
 M - a scroll of enchant weapon
Potions
 b - 4 potions of magic
 f - 5 potions of degeneration {!q@e2}
 g - a potion of might
 j - a potion of mutation {!q}
 n - a potion of lignification {!q}
 p - a potion of ambrosia
 s - 4 potions of attraction {!q}
 z - a potion of resistance

Dungeon Overview and Level Annotations

Branches:
Dungeon (12/15)            Temple (0/1) D:6            Lair (0/6) D:9
    Orc (0/2) D:9

Altars:
Dithmenos
Elyvilon
Gozag
Hepliaklqana
Nemelex Xobeh
Qazlal
Ru
Sif Muna
Trog
Uskayaw
Vehumet
Xom
Yredelemnul
Beogh

Shops:
D:5 (*   D:10 =*:[?   D:11 !([**

Annotations:
D:12 Josephine, Nessos

...# #......
..............>.W#(.....
...................g<...
............[........#..
..............).........
........................
........................
........................
.......@......(..##.....
..............=.. .[..##
.......e.^....... .##.#
.....(......... .#..#
.#............. ....#
.......#R.....##...#
#......##.W........##
#.#.....#............
(.(.W...$.......#.


You could see the friendly Chakide the knight (slow), a deep elf pyromancer and
a wraith.


Message History

You partially resist.
You feel drained.
* * * LOW HITPOINT WARNING * * *
A wraith comes into view.
Chakide hits the wraith with a +0 flail!
You hear a shout!
You hear a roar!
You hear a shout! x2 😨 HP[-10] MP[+1]
You now have 105 max hp (-3).
You take 10 damage, and now have 29/105 hp.
Throw: 3 large rocks {=fthrowing}
Press: ? - help, Shift-Dir - straight line, f/p - Josephine
Aim: Josephine, wielding a +0 dagger and wearing a +0 robe (lightly wounded, 67% to hit)
You throw a large rock {=fthrowing}.
The large rock {=fthrowing} hits Josephine!
Chakide hits the wraith with a +0 flail!
Chakide blocks the wraith's attack.
Throw: 2 large rocks {=fthrowing}
Press: ? - help, Shift-Dir - straight line, f/p - Josephine
Aim: Josephine, wielding a +0 dagger and wearing a +0 robe (moderately wounded, 67% to hit)
You throw a large rock {=fthrowing}.
The large rock {=fthrowing} hits Josephine!
Chakide hits the wraith but does no damage.
A wraith comes into view.
Chakide blocks the wraith's attack.
Chakide hits the wraith with a +0 flail.
Josephine casts a spell at you.
The ghostly flame explodes!
The ghostly fireball engulfs you! You partially resist.
You feel drained.
* * * LOW HITPOINT WARNING * * *
The wraith hits Chakide.
The wraith drains Chakide's vigour!
Chakide seems to slow down. 😱 HP[-9]
You now have 102 max hp (-3).
You take 9 damage, and now have 20/102 hp.
Okay, then.
As you read the scroll of teleportation {@r4}, it crumbles to dust.
You feel strangely unstable.
Chakide hits the wraith with a +0 flail.
Chakide blocks the wraith's attack.
Unknown command.
Unknown command.
Unknown command.
You feel better. Josephine closely misses you.
The wraith barely misses Chakide. 😱 HP[+5] MP[+1]
You regained 5 hp, and now have 25/102 hp.
Unknown command.
Unknown command.
Unknown command.
Unknown command.
Chakide hits the wraith with a +0 flail.
The wraith is destroyed!
A sticky flame appears from out of your range of vision.
The sticky flame hits Chakide.
Chakide resists.
A troll comes into view.
Your Necromancy skill increases to level 7!
You now have 103 max hp (+1).
Unknown command.
Unknown command.
Unknown command.
A seven-headed hydra comes into view.
Nessos the Markscentaur comes into view.
The wraith barely misses Chakide. 😨 HP[+1] Unknown command.
Unknown command.
Unknown command.
The wraith attacks as you move away! The wraith hits you!
* * * LOW HITPOINT WARNING * * *
The wraith drains your vigour!
You feel yourself slow down.
The wraith resists.
The wraith is very cold.
Josephine attacks as you move away! Josephine hits you with a +0 dagger.
* * * LOW HITPOINT WARNING * * *
Josephine is very cold.
Found a stone staircase leading up.
Your surroundings suddenly seem different.
A deep elf pyromancer comes into view.
It is wielding a +0 short sword. 😱 HP[-17]
You take 17 damage, and now have 9/103 hp.
Unknown command.
Unknown command.
As you read the scroll of teleportation {@r4}, it crumbles to dust.
You feel strangely unstable.
Unknown command.
Unknown command.
Unknown command.
It was a potion of cancellation.
You feel strangely stable.
Your magical effects are unravelling.
You feel magically purged.
You feel yourself speed up.
The deep elf pyromancer points at you and mumbles some strange words.
The sticky flame hits you.
You are covered in liquid flames!
* * * LOW HITPOINT WARNING * * *
The deep elf pyromancer points at you and mumbles some strange words.
The bolt of fire hits you!!
You die...

Skill      XL: |  1  2  3  4  5  6  7  8  9 10 11 12 |
---------------+-------------------------------------+-----
Throwing       | 1 2 3 4 5 6 7 8 |  8.0
Fighting       | 1 2 3 4 5 6 8 |  8.2
Invocations    | 2 3 4 5 7 8 10 | 10.1
Spellcasting   | 3 4 5 6 7 |  7.5
Necromancy     | 4 5 6 7 |  7.0
Dodging        | 2 3 4 5 |  5.6
Long Blades    | 1 3 4 5 |  5.6
Evocations     | 2 3 |  3.6
Stealth        | |  1.4

Action                   |  1- 3 |  4- 6 |  7- 9 | 10-12 || total
-------------------------+-------+-------+-------+-------++-------
Melee: Unarmed           |     3 |       |       |       ||     3
       Short sword       |     4 |    31 |   169 |       ||   204
       Punch             |       |       |     2 |     2 ||     4
       Quarterstaff      |       |       |     7 |    20 ||    27
       Spear             |       |       |       |    71 ||    71
Throw: Stone             |    78 |    17 |    16 |    11 ||   122
       Large rock        |       |       |       |     4 ||     4
 Cast: Necrotize         |    21 |    16 |    37 |    68 ||   142
       Vampiric Draining |       |       |    40 |    54 ||    94
Invok: Ancestor Life: Kn |     1 |       |       |       ||     1
       Transference      |       |       |     1 |     4 ||     5
       Idealise          |       |       |     1 |     1 ||     2
Evoke: Wand              |       |       |       |     1 ||     1
  Use: Scroll            |       |     5 |     7 |    13 ||    25
       Potion            |       |       |     4 |    13 ||    17
 Stab: Sleeping          |       |     3 |     5 |     2 ||    10
Armor: Robe              |    14 |     8 |    23 |    26 ||    71
Dodge: Dodged            |    24 |    12 |    78 |   120 ||   234

Levels and vault maps discovered:
D:1:      lemuel_arrival_lava_pool, layout_rooms,
          ebering_ecumenical_altar_abandoned, lemuel_old_faithful
D:2:      layout_basic, kennysheep_path_1
D:3:      layout_loops_cross, mainiacjoe_overflow_surrounded_room,
          minmay_misc_feat_room
D:4:      layout_basic, lightli_ossuary_entry_decrepit_ruins,
          corexii_corridor_pit
D:5:      layout_basic, nicolae_gozag_zags_fifth_avenue, serial_shops,
          nicolae_shop_bloodbath_and_beyond, uniq_grinder, uniq_duvessa
D:6:      nicolae_cairo_tiling, layout_cave_pods,
          mainiacjoe_overflow_tiny_flanked, nicolae_dithmenos_shadow_blocks,
          minitemple, minmay_temple_entry_junction,
          chequers_serial_rivers_small_3, uniq_edmund
D:7:      layout_basic, kennysheep_mini_moat, gammafunk_temple_overflow_statue,
          serial_aquarium, aquarium_bridge_square [aquarium_subvault_bridge,
          aquarium_subvault_wall, aquarium_subvault_bridge,
          aquarium_subvault_wall], aquarium_window_corridor_1,
          aquarium_window_2, aquarium_window_2, aquarium_window_fake,
          aquarium_view_2d, aquarium_view_4, aquarium_pool_1,
          uniq_crazy_yiuf_cottage, uniq_menkaure
D:8:      layout_gridville, minmay_misc_feat_pillars, chequers_hall_statues_y
D:9:      layout_basic, david_lair_generic, minmay_orc_entry_temple_small
D:10:     layout_irregular_city, nicolae_sif_muna_little_library, serial_rivers,
          chequers_serial_rivers_micro_e, chequers_serial_rivers_small_b,
          chequers_serial_rivers_room_b, chequers_serial_rivers_marsh,
          chequers_serial_rivers_large_a, serial_shops, shop, shop,
          nicolae_shop_advertising_works [nicolae_subvault_shop_adworks], shop,
          shop
D:11:     layout_rooms, serial_shops, nicolae_shop_behind_doors, shop,
          shop_fountains, nicolae_shop_crystal, nicolae_square_shop,
          chequers_serial_rivers_micro_a
D:12:     layout_cave_pools, uniq_josephine, uniq_jorgrun, uniq_nessos

Notes
Turn   | Place    | Note
-------+----------+-------------------------------------------
     0 | D:1      | spaghetti the Ogre Necromancer began the quest for the Orb.
     0 | D:1      | Reached XP level 1. HP: 16/16 MP: 3/3
     0 | D:1      | magus.rc [v1.9.6]
   386 | D:1      | Found a faded altar of an unknown god.
   426 | D:1      | Prayed at the altar of an unknown god.
   426 | D:1      | Became a worshipper of Hepliaklqana the Forgotten
   426 | D:1      | Reached * piety under Hepliaklqana
   654 | D:2      | Reached XP level 2. HP: 21/21 MP: 5/5
   751 | D:2      | You pick up a book of Flames and begin reading...
   751 | D:2      | You add the spells Foxfire, Conjure Flame, Inner Flame and
                  | Flame Wave to your library.
   952 | D:2      | Reached skill level 1 in Throwing
  1159 | D:2      | Reached skill level 1 in Fighting
  1169 | D:2      | Reached XP level 3. HP: 29/29 MP: 7/7
  1190 | D:2      | You pick up a book of Spatial Translocations and begin
                  | reading...
  1190 | D:2      | You add the spells Blink, Lesser Beckoning and Manifold
                  | Assault to your library.
  1257 | D:2      | Learned a level 3 spell: Inner Flame
  1446 | D:3      | Reached ** piety under Hepliaklqana
  1449 | D:3      | Remembered your ancestor Chakide as a knight
  1481 | D:3      | You pick up a book of Party Tricks and begin reading...
  1481 | D:3      | You add the spells Apportation and Alistair's Intoxication
                  | to your library.
  1863 | D:3      | Found a hide-covered altar of Uskayaw.
  2185 | D:4      | Reached skill level 1 in Invocations
  2429 | D:4      | Identified the ring "Lutwocoy" {rPois Will+ Int+2 Dex+6}
  2505 | D:4      | Noticed an ogre
  2512 | D:4      | Killed an ogre
  2513 | D:4      | Reached skill level 2 in Throwing
  2513 | D:4      | Reached skill level 3 in Spellcasting
  2513 | D:4      | Reached skill level 4 in Necromancy
  2513 | D:4      | Reached skill level 2 in Invocations
  2513 | D:4      | Reached XP level 4. HP: 37/37 MP: 3/8
  2513 | D:4      | Reached XP level 5. HP: 44/44 MP: 3/9
  2516 | D:4      | Reached skill level 2 in Fighting
  2798 | D:4      | Noticed an ogre
  2804 | D:4      | Killed an ogre
  3029 | D:4      | Reached skill level 3 in Invocations
  3029 | D:4      | Reached XP level 6. HP: 45/53 MP: 11/11
  3098 | D:4      | You pick up a book of Burglary and begin reading...
  3098 | D:4      | You add the spells Passwall, Ensorcelled Hibernation and
                  | Swiftness to your library.
  3297 | D:4      | Reached skill level 3 in Throwing
  3739 | D:5      | Entered Level 5 of the Dungeon
  3780 | D:5      | Reached skill level 3 in Fighting
  3891 | D:5      | Found an opulent altar of Gozag.
  3904 | D:5      | Found Gozag's Platinum Reserve.
  3934 | D:5      | Reached XP level 7. HP: 43/60 MP: 8/12
  4137 | D:5      | Learned a level 3 spell: Vampiric Draining
  4142 | D:5      | Learned a level 4 spell: Animate Dead
  4142 | D:5      | Noticed Dowan
  4154 | D:5      | Noticed Duvessa
  4159 | D:5      | HP: 14/60 [Duvessa/+0 rapier (18)]
  4159 | D:5      | HP: 3/60 [Duvessa/+0 rapier (11)]
  4344 | D:5      | Killed Duvessa
  4345 | D:5      | Reached skill level 2 in Dodging
  4345 | D:5      | Reached skill level 4 in Spellcasting
  4345 | D:5      | Reached skill level 4 in Invocations
  4345 | D:5      | Killed Dowan
  4573 | D:5      | Reached *** piety under Hepliaklqana
  4632 | D:5      | Noticed Grinder
  4648 | D:5      | Killed Grinder
  4649 | D:5      | Reached skill level 4 in Throwing
  4697 | D:5      | Reached XP level 8. HP: 52/70 MP: 14/14
  4789 | D:5      | Reached skill level 4 in Fighting
  4895 | D:5      | Reached skill level 5 in Invocations
  5476 | D:5      | HP: 12/71 [gnoll/+0 hand axe[a gnoll shaman] (9)]
  5765 | D:5      | Found Mireit's Weapon Shoppe.
  6112 | D:6      | Reached skill level 1 in Long Blades
  6112 | D:6      | Reached skill level 5 in Throwing
  6112 | D:6      | Reached skill level 5 in Necromancy
  6386 | D:6      | You pick up a book of Air and begin reading...
  6386 | D:6      | You add the spells Shock and Airstrike to your library.
  6428 | D:6      | Found a hazy altar of Hepliaklqana.
  6445 | D:6      | Found a radiant altar of Vehumet.
  6447 | D:6      | Found a shimmering altar of Xom.
  6449 | D:6      | Found a sparkling altar of Nemelex Xobeh.
  6450 | D:6      | Found a stormy altar of Qazlal.
  6507 | D:6      | Noticed Edmund
  6515 | D:6      | Killed Edmund
  6516 | D:6      | Reached skill level 3 in Dodging
  6757 | D:6      | Reached **** piety under Hepliaklqana
  6763 | D:6      | Reached skill level 5 in Spellcasting
  6763 | D:6      | Reached XP level 9. HP: 68/78 MP: 9/16
  7021 | D:6      | Found a staircase to the Ecumenical Temple.
  7046 | D:6      | Reached skill level 2 in Long Blades
  7052 | D:6      | Learned a level 5 spell: Agony
  7085 | D:6      | Reached skill level 5 in Fighting
  7085 | D:6      | Reached skill level 6 in Invocations
  7086 | D:6      | Found a shadowy altar of Dithmenos.
  7410 | D:6      | Found a white marble altar of Elyvilon.
  7942 | D:7      | Found a sacrificial altar of Ru.
  8263 | D:7      | Found a basalt altar of Yredelemnul.
  8265 | D:7      | Found a bloodstained altar of Trog.
  8580 | D:7      | Reached skill level 6 in Throwing
  8793 | D:7      | Reached skill level 3 in Long Blades
  8994 | D:7      | Gained mutation: Your mind is acute. (Int +2) [potion of
                  | mutation]
  8994 | D:7      | Gained mutation: Your muscles are strong. (Str +2) [potion
                  | of mutation]
  8995 | D:7      | Lost mutation: Your mind is acute. (Int +2) [potion of
                  | mutation]
  8995 | D:7      | Lost mutation: Your muscles are strong. (Str +2) [potion of
                  | mutation]
  8995 | D:7      | Gained mutation: A frigid envelope surrounds you and
                  | freezes all who hurt you. [potion of mutation]
  8995 | D:7      | Gained mutation: You expend magic power (3 MP) to
                  | strengthen your wands. [potion of mutation]
  9074 | D:7      | Identified the +4 mace "Gyeczepp" {vorpal, Str+2}
  9078 | D:7      | Found a runed translucent door.
  9079 | D:7      | Noticed Crazy Yiuf
  9157 | D:7      | Killed Crazy Yiuf
  9411 | D:8      | Reached skill level 7 in Invocations
  9414 | D:8      | HP: 17/80 [yak (6)]
  9414 | D:8      | HP: 6/80 [yak (11)]
  9415 | D:8      | Reached XP level 10. HP: 6/88 MP: 9/18
  9432 | D:8      | Reached skill level 1 in Evocations
  9540 | D:8      | Reached skill level 6 in Fighting
  9547 | D:8      | Reached skill level 4 in Dodging
  9548 | D:8      | Reached skill level 4 in Long Blades
  9975 | D:8      | Reached skill level 6 in Spellcasting
 10357 | D:9      | Reached skill level 7 in Throwing
 10371 | D:9      | HP: 17/88 [yak (8)]
 10379 | D:9      | HP: 2/90 [hornet (13)]
 10380 | D:9      | Found a staircase to the Lair.
 10380 | D:9      | Noticed an elephant
 10380 | D:9      | Noticed a two-headed ogre
 10385 | D:9      | HP: 21/90 [wyvern (7)]
 10386 | D:9      | Reached skill level 6 in Necromancy
 10392 | D:9      | Killed an elephant
 10392 | D:9      | Killed a two-headed ogre
 10393 | D:9      | Reached skill level 8 in Invocations
 10393 | D:9      | Reached skill level 2 in Evocations
 10682 | D:9      | Reached XP level 11. HP: 88/96 MP: 8/20
 10893 | D:9      | Reached skill level 7 in Fighting
 11418 | D:9      | Found a staircase to the Orcish Mines.
 11426 | D:9      | Reached ***** piety under Hepliaklqana
 12143 | D:10     | Entered Level 10 of the Dungeon
 12320 | D:10     | Found Boihon's Antique Armour Shoppe.
 12352 | D:10     | Reached skill level 8 in Throwing
 12441 | D:10     | Found Jeimn's Book Emporium.
 12726 | D:10     | Found Kifa's Magic Scroll Boutique.
 12734 | D:10     | Bought a scroll of identify for 26 gold pieces
 12734 | D:10     | Bought a scroll of identify for 26 gold pieces
 12734 | D:10     | Bought a scroll of identify for 26 gold pieces
 12764 | D:10     | Reached skill level 5 in Long Blades
 12783 | D:10     | Reached skill level 5 in Dodging
 12783 | D:10     | Reached skill level 9 in Invocations
 13223 | D:10     | Found Puaxontu's Jewellery Boutique.
 13247 | D:10     | Found Vephaek's Assorted Antiques.
 13337 | D:10     | Found a shimmering blue altar of Sif Muna.
 13420 | D:11     | Found Beffol's Weapon Shop.
 13421 | D:11     | Noticed a two-headed ogre
 13429 | D:11     | Killed a two-headed ogre
 13430 | D:11     | Reached skill level 7 in Spellcasting
 13430 | D:11     | Reached skill level 3 in Evocations
 13472 | D:11     | HP: 21/98 [gargoyle/+0 mace (15)]
 13829 | D:11     | Found Kahoggedd's Distillery.
 13845 | D:11     | HP: 18/99 [yak (12)]
 13846 | D:11     | HP: 6/99 [yak (12)]
 14336 | D:11     | Found Yzadiorgh's General Store.
 14359 | D:11     | Found Oheole Ebouh's Armour Boutique.
 14365 | D:11     | Found Kank's General Store.
 14366 | D:11     | Noticed a two-headed ogre
 14376 | D:11     | Killed a two-headed ogre
 14880 | D:12     | Noticed Jorgrun
 14880 | D:12     | Noticed a cyclops
 14891 | D:12     | HP: 21/99 [Jorgrun/blast of rock fragments (37)]
 14899 | D:11     | Killed a cyclops
 14900 | D:11     | Reached skill level 8 in Fighting
 15078 | D:12     | HP: 16/99 [constriction (19)]
 15079 | D:12     | Killed Jorgrun
 15080 | D:12     | Reached skill level 10 in Invocations
 15080 | D:12     | Reached XP level 12. HP: 15/108 MP: 2/23
 15163 | D:12     | Noticed Josephine
 15167 | D:12     | HP: 20/102 [Josephine/ghostly fireball (10)]
 15171 | D:12     | Reached skill level 7 in Necromancy
 15171 | D:12     | Noticed a seven-headed hydra
 15171 | D:12     | Noticed Nessos
 15172 | D:12     | HP: 14/103 [wraith[Josephine] (12)]
 15174 | D:12     | Killed from afar by a deep elf pyromancer

Vanquished Creatures
  2 two-headed ogres
  A cyclops (D:11)
  An elephant (D:9)
  A gargoyle (D:11)
  A komodo dragon (D:10)
  A troll (D:8)
  Grinder (D:5)
  A hornet (D:9)
  12 yaks
  A basilisk (D:9)
  A steam dragon (D:9)
  2 wyverns
  An acid dragon (D:9)
  A water moccasin (D:7)
  A sky beast (D:6)
  A black bear (D:9)
  2 orc warriors
  An ice beast (D:5)
  2 ogres
  2 centaurs (D:10)
  3 necrophages (D:7)
  4 bullfrogs
  A gnoll sergeant (D:9)
  2 scorpions
  9 killer bees (D:11)
  A howler monkey (D:9)
  3 hounds
  2 jellies
  3 orc priests
  A gnoll shaman (D:5)
  An iguana (D:7)
  6 orc wizards
  9 gnolls
  7 adders
  3 dart slugs
  26 orcs
  2 endoplasms
  2 giant cockroaches
  3 goblins
  3 hobgoblins (D:4)
  A kobold (D:4)
  5 ball pythons
  2 bats
  4 frilled lizards
  A rat (D:2)
140 creatures vanquished.

Vanquished Creatures (collateral kills)
  Jorgrun (D:12)
  A two-headed ogre (D:11)
  An unseen horror (D:10)
  A hornet (D:9)
  A wraith (D:12)
  9 yaks
  Edmund (D:6)
  Duvessa (D:5)
  2 orc warriors
  2 sky beasts (D:7)
  2 ice beasts
  An ogre (D:4)
  A phantom (D:7)
  A bullfrog (D:9)
  A scorpion (D:6)
  A necrophage (D:4)
  Dowan (D:5)
  2 killer bees (D:11)
  4 howler monkeys
  A jelly (D:4)
  5 orc priests
  Crazy Yiuf (D:7)
  2 hounds
  2 gnoll shamans
  5 orc wizards
  7 gnolls
  6 orcs
  3 endoplasms
  2 goblins
  A hobgoblin (D:2)
  A bat (D:2)
  A rat (D:3)
71 creatures vanquished.

Vanquished Creatures (others)
  2 knights
2 creatures vanquished.

Grand Total: 213 creatures vanquished

Table legend:
 A = Non-vault XP
 B = Vault XP
 C = Vault XP percentage of total XP
 D = Non-vault monster count
 E = Vault monster count
 F = Vault count percentage of total count
                 A         B        C        D         E       F
            +---------+---------+-------+---------+---------+-------
      Total |   15601 |    4009 |  20.4 |     190 |      21 |  10.0
            +---------+---------+-------+---------+---------+-------
        D:1 |       8 |       0 |   0.0 |       6 |       0 |   0.0
        D:2 |      29 |       0 |   0.0 |      11 |       0 |   0.0
        D:3 |       6 |       0 |   0.0 |       4 |       0 |   0.0
        D:4 |     423 |       0 |   0.0 |      21 |       0 |   0.0
        D:5 |     845 |     500 |  37.2 |      20 |       3 |  13.0
        D:6 |     765 |     162 |  17.5 |      20 |       1 |   4.8
        D:7 |    1318 |      40 |   2.9 |      23 |       1 |   4.2
        D:8 |    2091 |       0 |   0.0 |      23 |       0 |   0.0
        D:9 |    3711 |    1316 |  26.2 |      27 |      14 |  34.1
       D:10 |    1905 |       0 |   0.0 |      13 |       0 |   0.0
       D:11 |    4500 |       0 |   0.0 |      22 |       0 |   0.0
       D:12 |       0 |    1991 | 100.0 |       0 |       2 | 100.0
            +---------+---------+-------+---------+---------+-------

Illustrated notes

Table legend:
 A = Kills in this place as a percentage of kills in entire the game.
 B = Kills by you in this place as a percentage of kills by you in the entire game.
 C = Kills by friends in this place as a percentage of kills by friends in the entire game.
 D = Other kills in this place as a percentage of other kills in the entire game.
 E = Experience gained in this place as a percentage of experience gained in the entire game.
 F = Experience gained in this place divided by the number of levels of this place that you have seen.
                   A       B       C       D       E      F
               +-------+-------+-------+-------+-------+----------------------
         Total | 100.0 | 100.0 | 100.0 |   N/A | 100.0 | 1634.2
       Dungeon | 100.0 | 100.0 | 100.0 |   N/A | 100.0 | 1634.2
               +-------+-------+-------+-------+-------+----------------------

Table legend: (Time is in decaauts)
 A = Elapsed time spent in this place.
 B = Non-inter-level travel time spent in this place.
 C = Inter-level travel time spent in this place.
 D = Time resting spent in this place.
 E = Time spent auto-exploring this place.
 F = Levels seen in this place.
 G = Mean time per level.
                   A        B        C        D        E       F      G
               +--------+--------+--------+--------+--------+-----+--------+
         Total |  15141 |  14765 |    376 |    609 |  12748 |  12 | 1261.8 |
       Dungeon |  15141 |  14765 |    376 |    609 |  12748 |  12 | 1261.8 |
               +--------+--------+--------+--------+--------+-----+--------+

Top non-repeatable levels by time:
     D:5: 2334 daAuts
     D:9: 1807 daAuts
     D:6: 1696 daAuts
    D:11: 1629 daAuts
     D:4: 1593 daAuts
     D:7: 1529 daAuts
    D:10: 1291 daAuts
     D:8: 989 daAuts
     D:2: 774 daAuts
     D:3: 714 daAuts
     D:1: 651 daAuts
    D:12: 130 daAuts
